Map: Frost LE

Players

downLink

  • Race: Protoss Protoss
  • League: Master

graNite

  • Race: Protoss Protoss
  • League: Diamond

Adept

  • Race: Terran Terran
  • League: Master

Drogi

  • Race: Terran Terran
  • League: Diamond

VOD

Have the link to the VOD?

Description

Time

  • Played on: June 13, 2016, 3:16 p.m.
  • Length: 7:26
Show
View Real Time Build Order
Export as new Build Order

downLink Protoss 

Build Orders: 1 Gate Expand, Phoenix Opening 

Get SALT Encoding   

  12  0:00  Probe (Chrono Boost)  
  13  0:11  Probe (Chrono Boost)  
  14  0:17  Pylon  
  14  0:22  Probe (Chrono Boost)  
  16  0:35  Probe (Chrono Boost)  
  16  0:36  Gateway  
  16  0:42  Assimilator  
  16  0:46  Probe (Chrono Boost)  
  17  0:57  Probe (Chrono Boost)  
  18  1:07  Probe (Chrono Boost)  
  19  1:20  Nexus  
  19  1:31  Cybernetics Core  
  19  1:34  Probe (Chrono Boost)  
  20  1:40  Assimilator  
  20  1:44  Probe (Chrono Boost)  
  21  1:51  Pylon  
  21  1:55  Probe (Chrono Boost)  
  22  2:05  Probe (Chrono Boost)  
  23  2:09  Adept (Chrono Boost)  
  23  2:11  Warp Gate  
  25  2:17  Probe  
  26  2:24  Stargate  
  26  2:29  Probe (Chrono Boost)  
  27  2:34  Probe (Chrono Boost)  
  28  2:40  Probe (Chrono Boost)  
  29  2:45  Mothership Core (Chrono Boost)  
  29  2:51  Probe (Chrono Boost)  
  31  3:01  Probe (Chrono Boost)  
  31  3:02  Probe (Chrono Boost)  
  33  3:08  Phoenix (Chrono Boost)  
  33  3:12  Probe x2  
  37  3:23  Nexus  
  37  3:25  Probe x2  
  39  3:33  Phoenix (Chrono Boost)  
  41  3:36  Probe  
  41  3:37  Probe  
  43  3:43  Pylon  
  43  3:47  Probe  
  43  3:49  Probe  
  45  3:57  Probe  
  45  4:01  Probe, Phoenix (Chrono Boost)  
  49  4:08  Probe  
  50  4:13  Probe, Gateway  
  50  4:15  Gateway  
  51  4:18  Probe, Pylon  
  51  4:20  Pylon  
  52  4:25  Probe  
  53  4:31  Probe  
  53  4:32  Assimilator  
  53  4:33  Probe  
  53  4:34  Phoenix (Chrono Boost), Assimilator  
  53  4:38  Probe  
  58  4:42  Probe  
  57  4:47  Probe  
  57  4:50  Probe  
  57  4:52  Probe  
  59  4:56  Phoenix (Chrono Boost)  
  59  4:57  Probe, Pylon  
  63  5:00  Twilight Council  
  63  5:04  Probe  
  63  5:05  Probe  
  63  5:07  Robotics Facility  
  65  5:08  Probe  
  66  5:15  Probe  
  66  5:16  Pylon  
  66  5:17  Probe  
  66  5:19  Probe  
  69  5:24  Phoenix (Chrono Boost)  
  69  5:25  Probe  
  72  5:30  Resonating Glaives (Chrono Boost), Probe  
  72  5:31  Probe  
  72  5:33  Forge  
  72  5:34  Forge  
  74  5:37  Probe  
  74  5:40  Pylon  
  74  5:42  Adept  
  77  5:44  Adept  
  77  5:46  Adept  
  81  5:50  Pylon  
  81  5:52  Pylon  
  81  6:01  Gateway  
  81  6:03  Gateway  
  79  6:07  Pylon  
  79  6:08  Adept x3  
  84  6:18  Gateway  
  84  6:22  Probe x3  
  87  6:29  Adept x3  
  93  6:34  Assimilator  
  93  6:36  Assimilator  
  93  6:38  Observer  
  94  6:42  Gateway  
  94  6:44  Gateway, Pylon  
  94  6:47  Gateway  
  94  6:55  Probe x2  
  94  6:56  Probe  
  94  7:00  Observer  
  98  7:01  Adept x3  
  98  7:02  Adept x2  
  108  7:11  Pylon  
  108  7:12  Pylon  
  107  7:23  Adept x2  
  107  7:24  Adept x3  
  107  7:25  Adept  
Show
View Real Time Build Order
Export as new Build Order

graNite Protoss 

Build Orders:  

Get SALT Encoding   

  12  0:00  SCV  
  13  0:12  SCV  
  14  0:17  Supply Depot  
  14  0:25  SCV  
  15  0:38  SCV  
  16  0:51  SCV  
  17  1:03  SCV  
  18  1:07  Command Center  
  18  1:15  SCV  
  19  1:23  Barracks  
  19  1:27  SCV  
  20  1:36  Supply Depot  
  20  1:39  SCV  
  21  1:51  SCV  
  22  2:06  SCV  
  23  2:10  Marine  
  24  2:23  Orbital Command, Command Center  
  24  2:29  Refinery  
  24  2:30  Marine  
  25  2:41  Orbital Command  
  25  2:48  Marine  
  27  2:51  SCV  
  27  2:59  Bunker  
  27  3:03  SCV  
  28  3:07  Barracks Tech Lab  
  28  3:08  SCV  
  29  3:13  Refinery  
  29  3:16  SCV  
  29  3:17  Engineering Bay  
  30  3:20  SCV  
  30  3:26  Marauder  
  33  3:29  Concussive Shells  
  33  3:30  SCV  
  34  3:34  Barracks  
  34  3:36  SCV  
  34  3:41  Orbital Command  
  35  3:44  SCV  
  35  3:47  Marine  
  37  3:50  Missile Turret  
  37  3:55  Missile Turret  
  37  3:57  SCV x2  
  37  4:01  Terran Infantry Weapons Level 1  
  39  4:05  Marine  
  39  4:07  SCV  
  41  4:10  SCV x2  
  41  4:14  Stimpack  
  43  4:21  SCV  
  43  4:23  Barracks  
  44  4:25  Marine  
  44  4:31  Marine  
  44  4:34  SCV x2  
  44  4:35  SCV  
  47  4:45  Factory  
  47  4:46  SCV x2, Missile Turret  
  47  4:47  SCV, Marine  
  47  4:48  Barracks  
  47  4:49  Marine  
  52  4:58  SCV  
  52  4:59  SCV  
  53  5:01  Refinery, SCV  
  53  5:04  Marine  
  53  5:05  Supply Depot  
  54  5:07  Marine  
  54  5:10  SCV  
  54  5:12  Missile Turret  
  54  5:13  SCV x2  
  58  5:15  Refinery  
  59  5:22  Marine  
  59  5:23  Barracks Tech Lab, SCV  
  59  5:25  Marine  
  59  5:27  Engineering Bay, SCV  
  62  5:28  SCV  
  62  5:29  Supply Depot  
  63  5:36  Starport  
  63  5:37  Factory Reactor  
  63  5:40  Marine  
  63  5:42  Marine  
  64  5:43  Barracks  
  64  5:48  Armory  
  65  5:50  SCV x3  
  65  5:51  Barracks Tech Lab  
  65  5:52  Marine  
  69  5:58  Marine  
  69  6:00  Marine  
  69  6:02  SCV  
  69  6:03  SCV  
  69  6:04  Supply Depot  
  73  6:05  SCV  
  73  6:10  Marine  
  77  6:11  Marauder  
  77  6:21  Supply Depot  
  77  6:23  SCV, Medivac x2, Barracks, Marine x2  
  84  6:28  Supply Depot  
  84  6:30  Marine x2  
  84  6:32  Marine  
  86  6:33  SCV x2  
  86  6:38  Barracks  
  88  6:41  Marine  
  88  6:42  Barracks Reactor  
  88  6:44  SCV  
  88  6:45  SCV x2  
  92  6:48  Marine x2  
  92  6:50  Marine  
  95  6:55  Medivac x2  
  95  6:56  SCV  
  95  6:57  SCV  
  95  6:58  Marine  
  100  7:01  Supply Depot  
  100  7:02  Ghost Academy  
  100  7:04  Supply Depot  
  100  7:05  Marine  
  100  7:06  Marine, SCV  
  100  7:08  Marine  
  103  7:12  SCV  
  102  7:23  Command Center  
Show
View Real Time Build Order
Export as new Build Order

Adept Terran 

Build Orders:  

Get SALT Encoding   

Show
View Real Time Build Order
Export as new Build Order

Drogi Terran 

Build Orders:  

Get SALT Encoding   

Tags
 
Add a new tag
Caveats
  • Supply blocks, unpowered buildings, or Contaminate may cause inaccurate times.
  • Supply counts are checked every 10 seconds.